 Dungeon Crawl Stone Soup version 0.26-a0-597-gb535b0901c (webtiles) character file.

Game seed: 93426587095660204

2 Lanoc the Sneak (level 1, -3/11 HPs)
             Began as a Vine Stalker Delver on Sept 1, 2020.
             Slain by a hound (4 damage)
             ... on level 4 of the Dungeon.
             The game lasted 00:00:14 (38 turns).

Lanoc the Sneak (Vine Stalker Delver)                 Turns: 38, Time: 00:00:15

Health: -3/11      AC:  3    Str: 14    XL:     1   Next: 40%
Magic:  0/2        EV: 12    Int: 10    God:
Gold:   11         SH:  0    Dex: 15    Spells: 0/0 levels left

rFire    . . .     SeeInvis .   a - +0 falchion
rCold    . . .     Faith    .   (no shield)
rNeg     . . .     Spirit   +   b - +0 leather armour
rPois    .         Reflect  .   (no helmet)
rElec    .         Harm     .   (no cloak)
rCorr    .                      (no gloves)
MR       .....                  (no boots)
Stlth    +++.......             (no amulet)
HPRegen  0.03/turn              (no ring)
MPRegen  0.08/turn              (no ring)

@: no status effects
A: fangs 2, magic shield, antimagic bite, no potion heal 3, rot immunity
a: no special abilities


You were on level 4 of the Dungeon.
You visited 1 branch of the dungeon, and saw 2 of its levels.

You collected 11 gold pieces.

Inventory:

Hand Weapons
 a - a +0 falchion (weapon)
Armour
 b - a +0 leather armour (worn)
Wands
 g - a wand of digging (3)
Scrolls
 c - a scroll of fog
 d - a scroll of magic mapping
 e - a scroll of fear
 i - a scroll of teleportation {unknown}
Potions
 f - a potion of haste
 h - a potion of brilliance {unknown}


   Skills:
 + Level 2.8 Fighting
 - Level 1.7 Long Blades
 + Level 1.7 Dodging
 - Level 6.0 Stealth


You couldn't memorise any spells.
You didn't know any spells.
Your spell library was empty.

Dungeon Overview and Level Annotations

Branches:
Dungeon (5/15)
 Temple: D:4-7

Altars:

Shops:
D:4 !


Innate Abilities, Weirdness & Mutations

You have extremely sharp teeth.
When hurt, damage is shared between your health and your magic reserves.
Your bite disrupts and absorbs the magic of your enemies.
Potions cannot restore your health.
You are immune to rotting.


Message History

You kill the dart slug!
A hound comes into view.
No target in view!
A hound is nearby!
The hound closely misses you.
You closely miss the hound. Your bite misses the hound. The hound misses you.
The hound bites you.
You barely miss the hound. The hound bites you. The hound closely misses you.
You riposte.
You barely miss the hound. Your bite misses the hound. You miss the hound.
The hound barely misses you. The hound bites you.
You are too injured to fight recklessly!
Your leather armour prevents you from hitting the hound.
The hound bites you.
* * * LOW HITPOINT WARNING * * *
The hound closely misses you.
You riposte.
You hit the hound but do no damage. Your bite misses the hound.
You hit the hound. Your bite misses the hound.
The hound is moderately wounded.
The hound bites you.
You die...

#..... .....
#...# #...#
#...# #.#.#
###
#.#.##.....
##.#.†?(..#
#@..###...#
......h...#
..#
##.##........
.#
##.##.###.# #
... #.# #.∩.
#.# #... #.#
#.#. ..#


You could see a hound.

Vanquished Creatures
  A dart slug (D:4)
1 creature vanquished.

Notes
Turn   | Place    | Note
-------+----------+-------------------------------------------
     0 | D:5      | Lanoc the Vine Stalker Delver began the quest for the Orb.
     0 | D:5      | Reached XP level 1. HP: 11/11 MP: 2/2
    22 | D:4      | Found Wisaluco's Distillery.
    27 | D:4      | Noticed a hound
    38 | D:4      | Slain by a hound

Illustrated notes

Levels and vault maps discovered:
D:4:      lemuel_castle_with_subvaults [lemuel_castle_interior_carwin_3],
          layout_loops_ring, temple_green, serial_shops, nicolae_shop_stone,
          minmay_hollow_rounded_squares
D:5:      layout_loops_ring

Action                   || total
-------------------------++-------
Melee: Falchion          ||     8
       Bite              ||     2
 Stab: Sleeping          ||     1
Armor: Leather armour    ||     1
Dodge: Dodged            ||     5
       Rpst.: Falchion   ||     2

Table legend: (Time is in decaauts)
 A = Elapsed time spent in this place.
 B = Non-inter-level travel time spent in this place.
 C = Inter-level travel time spent in this place.
 D = Time resting spent in this place.
 E = Time spent auto-exploring this place.
 F = Levels seen in this place.
 G = Mean time per level.
                   A        B        C        D        E       F      G
               +--------+--------+--------+--------+--------+-----+--------+
         Total |     39 |     32 |      7 |      0 |     14 |   2 |   19.5 |
       Dungeon |     39 |     32 |      7 |      0 |     14 |   2 |   19.5 |
               +--------+--------+--------+--------+--------+-----+--------+

Top non-repeatable levels by time:
     D:5: 21 daAuts
     D:4: 18 daAuts
